Map: Cerulean Fall LE

Players

Mesrob

  • Race: Terran Terran
  • League: Gold
  • Spawn Location: 7:00

Cerby - Winner!

  • Race: Protoss Protoss
  • Spawn Location: 1:00

VOD

Have the link to the VOD?

Description

Time

  • Played on: Jan. 11, 2019, 7:24 p.m.
  • Length: 20:27
Show
View Real Time Build Order
Export as new Build Order

Mesrob Terran 

Build Orders: 2 Factory, Mech 

Get SALT Encoding   

  12  0:01  SCV  
  13  0:13  SCV  
  14  0:22  Supply Depot  
  14  0:25  SCV  
  15  0:44  SCV  
  15  0:45  Barracks  
  16  0:51  Refinery  
  16  0:56  SCV  
  17  1:08  SCV  
  18  1:20  SCV  
  19  1:36  Orbital Command  
  19  1:41  Command Center  
  19  1:45  Marine  
  20  2:05  Bunker  
  20  2:13  Factory  
  20  2:17  SCV  
  20  2:20  Barracks Tech Lab  
  21  2:29  SCV  
  21  3:05  Factory  
  21  3:15  Refinery  
  21  3:27  Orbital Command  
  21  3:29  Refinery, Siege Tank  
  21  3:30  Marine  
  25  3:34  Refinery  
  24  3:48  Marine  
  24  3:54  SCV  
  26  3:59  SCV  
  27  4:06  Marine, SCV  
  27  4:07  Factory Tech Lab  
  29  4:11  SCV  
  30  4:18  Engineering Bay  
  30  4:19  Siege Tank  
  30  4:23  SCV  
  34  4:24  SCV  
  35  4:34  Siege Tank  
  38  4:44  Armory  
  38  4:45  Supply Depot  
  38  5:06  SCV x2  
  40  5:08  Supply Depot  
  40  5:18  SCV  
  41  5:26  SCV  
  42  5:30  Supply Depot  
  42  5:31  Supply Depot  
  42  5:38  SCV  
  43  5:44  Thor  
  49  5:50  SCV  
  49  5:51  Terran Vehicle Weapons Level 1  
  49  5:52  Thor  
  49  5:54  Supply Depot x2  
  49  5:55  Missile Turret  
  56  6:02  SCV  
  57  6:08  SCV  
  58  6:14  SCV  
  59  6:19  Supply Depot, Missile Turret  
  59  6:25  SCV  
  60  6:26  SCV  
  61  6:37  SCV  
  61  6:38  SCV  
  61  6:39  Thor  
  69  6:42  Missile Turret  
  69  6:49  SCV  
  69  6:51  Factory  
  70  7:14  Missile Turret  
  69  7:25  Supply Depot  
  69  7:27  Thor x2  
  81  7:34  Factory Reactor  
  81  7:45  Terran Vehicle And Ship Armor Level 1  
  81  7:46  SCV  
  81  7:47  Supply Depot, Armory  
  81  7:48  SCV  
  83  7:59  SCV  
  83  8:00  SCV  
  83  8:02  Command Center  
  85  8:10  Supply Depot  
  85  8:11  SCV  
  86  8:17  Sensor Tower  
  86  8:20  Thor  
  86  8:24  Hellbat x2  
  96  8:34  Supply Depot  
  96  8:42  SCV  
  96  8:43  SCV  
  96  8:46  Hellbat x2  
  102  8:54  SCV  
  102  8:55  SCV  
  104  8:57  Supply Depot  
  104  8:59  Refinery  
  104  9:03  Missile Turret  
  104  9:06  SCV  
  105  9:13  Hellbat x2  
  105  9:14  Thor  
  105  9:15  Thor  
  121  9:24  Refinery  
  121  9:25  Missile Turret  
  121  9:31  SCV  
  122  9:33  Command Center  
  122  9:35  Planetary Fortress  
  122  9:42  SCV  
  122  9:44  SCV  
  122  9:45  Missile Turret  
  124  9:55  Hellion, Hellbat, SCV  
  129  10:01  Supply Depot  
  129  10:02  Terran Vehicle Weapons Level 2  
  129  10:05  Terran Vehicle And Ship Armor Level 2  
  129  10:06  Missile Turret  
  129  10:17  Supply Depot  
  129  10:25  Supply Depot  
  129  10:26  Sensor Tower, SCV x2  
  129  10:28  SCV  
  132  10:38  SCV  
  132  10:40  SCV x2  
  132  10:41  Supply Depot  
  135  10:47  Refinery  
  135  10:48  Thor x2  
  147  10:51  Hellbat  
  147  10:56  Supply Depot  
  149  10:58  Hellion  
  149  11:06  Supply Depot  
  149  11:07  Planetary Fortress  
  149  11:12  Refinery  
  149  11:14  Hellbat x2  
  149  11:16  Sensor Tower  
  153  11:20  Supply Depot  
  153  11:31  Thor  
  159  11:34  Supply Depot  
  159  11:37  SCV  
  159  11:39  SCV x2  
  162  11:49  SCV  
  162  11:51  SCV  
  162  11:52  Missile Turret  
  164  11:56  Supply Depot  
  164  11:59  Hellbat x2  
  164  12:00  Thor  
  174  12:10  Missile Turret  
  174  12:13  Thor  
  180  12:21  Supply Depot  
  180  12:30  Missile Turret  
  178  12:41  Hellbat x2  
  178  12:43  Thor  
  188  12:49  Missile Turret  
  188  12:56  Thor  
  188  12:58  Supply Depot, SCV x4  
  195  13:03  Hellbat  
  200  13:09  Missile Turret  
  200  13:22  Supply Depot  
  200  13:45  Starport  
  200  13:47  Supply Depot  
  194  14:13  Supply Depot  
  194  14:14  Thor  
  200  14:22  Starport  
  200  14:26  Starport Tech Lab  
  200  14:37  Supply Depot  
  200  15:00  Supply Depot  
  200  15:13  Missile Turret x2  
  195  15:15  Missile Turret  
  195  15:16  Missile Turret  
  195  15:17  Missile Turret  
  195  15:20  Missile Turret  
  190  15:22  Supply Depot  
  155  15:58  Thor x4  
  139  17:02  Command Center  
  115  17:20  Supply Depot  
  23  18:49  SCV  
  4  19:05  Supply Depot  
  4  19:09  SCV  
  3  19:21  SCV  
  4  19:28  Engineering Bay  
  4  19:34  SCV  
  5  19:39  Barracks  
  5  19:46  SCV  
  6  19:59  Missile Turret  
  6  20:04  Missile Turret  
  6  20:05  SCV  
  6  20:06  Missile Turret  
Show
View Real Time Build Order
Export as new Build Order

Cerby Protoss - Winner!

Build Orders:  

Get SALT Encoding   

  1  0:00  Probe  
  13  0:16  Probe  
  14  0:28  Probe  
  14  0:30  Pylon  
  15  0:48  Probe  
  16  1:00  Probe  
  17  1:19  Gateway  
  17  1:23  Assimilator  
  17  1:41  Gateway  
  17  1:44  Forge  
  17  1:46  Probe  
  18  1:49  Pylon  
  18  2:07  Probe, Zealot  
  21  2:15  Probe  
  21  2:16  Cybernetics Core  
  22  2:25  Probe  
  23  2:46  Pylon  
  23  3:03  Nexus  
  23  3:20  Gateway  
  23  3:21  Pylon  
  23  3:24  Gateway  
  23  3:27  Gateway  
  23  3:28  Warp Gate  
  23  3:29  Photon Cannon  
  23  3:30  Probe  
  24  3:35  Assimilator  
  24  3:58  Pylon  
  24  4:10  Probe  
  25  4:21  Photon Cannon  
  25  4:22  Probe  
  25  4:23  Photon Cannon  
  26  4:34  Probe  
  27  4:39  Probe  
  27  4:44  Pylon  
  28  4:46  Probe  
  28  4:47  Probe  
  30  4:56  Probe  
  30  4:58  Probe  
  32  5:05  Photon Cannon  
  32  5:08  Probe  
  32  5:10  Probe  
  34  5:26  Assimilator  
  34  5:28  Assimilator  
  34  5:37  Stalker x3  
  34  5:38  Stalker x2  
  44  5:46  Pylon  
  44  5:48  Probe  
  44  5:56  Probe  
  46  6:05  Probe  
  46  6:09  Zealot  
  46  6:10  Zealot x4  
  57  6:17  Probe  
  58  6:24  Twilight Council  
  58  6:30  Probe  
  49  7:04  Stargate  
  49  7:06  Stargate  
  49  7:08  Stargate  
  49  7:11  Stargate  
  49  7:14  Stargate  
  49  7:16  Probe  
  50  7:28  Probe  
  50  7:29  Probe  
  52  7:40  Probe  
  52  7:41  Probe  
  54  7:52  Probe  
  54  7:53  Probe  
  54  7:54  Nexus  
  56  8:00  Void Ray x3  
  56  8:04  Probe  
  69  8:11  Pylon  
  69  8:14  Pylon  
  69  8:15  Pylon  
  69  8:17  Pylon  
  69  8:18  Protoss Shields Level 1  
  69  8:28  Void Ray  
  69  8:30  Protoss Air Weapons Level 1  
  69  8:33  Void Ray  
  77  9:03  Assimilator  
  77  9:07  Assimilator, Probe  
  77  9:15  Probe  
  79  9:24  Probe  
  80  9:33  Fleet Beacon, Nexus  
  80  9:36  Probe  
  81  9:45  Void Ray x2  
  85  9:46  Void Ray  
  85  9:48  Probe  
  94  9:53  Void Ray  
  98  10:01  Void Ray  
  102  10:22  Protoss Air Armor Level 1  
  102  10:36  Probe  
  103  10:45  Probe  
  103  10:48  Assimilator  
  104  10:54  Assimilator, Probe  
  105  10:58  Pylon  
  105  11:06  Probe  
  106  11:12  Void Ray x2  
  106  11:13  Void Ray x2  
  106  11:16  Void Ray  
  126  11:18  Probe  
  127  11:30  Photon Cannon  
  127  11:32  Probe  
  128  11:44  Probe  
  128  11:45  Pylon  
  129  11:47  Pylon  
  129  11:50  Pylon  
  129  11:52  Pylon  
  129  11:56  Probe  
  129  12:02  Protoss Shields Level 2  
  129  12:05  Protoss Air Weapons Level 2  
  129  12:08  Probe  
  130  12:20  Probe  
  131  12:25  Tempest  
  131  12:26  Tempest x4  
  156  13:08  Void Ray x2  
  156  13:09  Void Ray x2  
  172  13:19  Pylon  
  172  13:21  Pylon  
  172  13:24  Pylon  
  172  13:37  Void Ray  
  144  14:21  Nexus  
  139  14:31  Pylon  
  131  15:13  Nexus  
  130  15:25  Nexus  
  130  15:42  Nexus  
  102  16:10  Pylon  
  98  16:47  Pylon  
  66  17:15  Nexus  
  66  17:30  Pylon  
  25  18:01  Nexus  
  25  18:47  Nexus  
  25  19:11  Pylon  
  25  19:13  Pylon  
  25  19:39  Probe  
  26  19:46  Gateway  
  26  19:47  Gateway  
  26  19:49  Gateway  
  26  19:51  Probe  
  27  20:02  Probe  
  27  20:03  Probe  
  29  20:15  Probe x2  
Tags
 
Composition
Mech
League
Gold
Matchup
PvT
Opening
2 Factory
Replay Pack
sc2 replays
Spawn Locations
Cross Positions
Add a new tag
Caveats
  • Supply blocks, unpowered buildings, or Contaminate may cause inaccurate times.
  • Supply counts are checked every 10 seconds.